 Dungeon Crawl Stone Soup version 0.28-a0-828-g0121872642 (webtiles) character file.

Game seed: 8787555050898145213

7617 snetch the Spear-Bearer (level 10, 0/90 HPs)
             Began as a Minotaur Berserker on Nov 10, 2021.
             Was an Elder of Trog.
             Slain by an unseen horror (8 damage)
             ... on level 11 of the Dungeon.
             The game lasted 00:28:04 (10869 turns).

snetch the Spear-Bearer (Minotaur Berserker)       Turns: 10869, Time: 00:28:05

Health: 0/90       AC: 21    Str: 25    XL:     10   Next: 98%
Magic:  9/9        EV:  8    Int:  4    God:    Trog [****..]
Gold:   564        SH:  9    Dex: 10    Spells: 9/9 levels left

rFire   . . .      SeeInvis .   a - +0 war axe
rCold   . . .      Faith    .   K - +0 buckler
rNeg    . . .      Spirit   .   f - +0 plate armour
rPois   .          Reflect  +   (helmet restricted)
rElec   .          Harm     .   e - scarf {+Inv}
rCorr   +          Rampage  .   D - +1 pair of gloves
Will    .....                   (no boots)
Stlth   ..........              Y - amulet of reflection
HPRegen 0.25/turn               o - ring of resist corrosion
MPRegen 0.11/turn               v - +4 ring of protection

@: on berserk cooldown, slowed, very slow
A: horns 2, retaliatory headbutt
a: Renounce Religion, Evoke Invisibility, Berserk, Trog's Hand, Brothers in Arms


You were on level 11 of the Dungeon.
You worshipped Trog.
Trog was greatly pleased with you.
You visited 2 branches of the dungeon, and saw 12 of its levels.

You collected 619 gold pieces.
You spent 55 gold pieces at shops.

Inventory:

Hand Weapons
 a - a +0 war axe (weapon)
 b - the +3 spear "Feng" {flame, Will+ rCorr}
   (You found it on level 7 of the Dungeon)

   It burns those it strikes, dealing additional fire damage.
   rCorr:     It protects you from acid and corrosion.
   Will:      It increases your willpower.
 c - a +1 morningstar of protection
 E - a +4 scythe of venom
 P - a +2 antimagic mace
 V - a +3 flail
Missiles
 g - 76 bolts
 i - 123 arrows
 A - 19 poisoned darts (quivered)
 C - 86 sling bullets
 F - 4 boomerangs
 M - a curare-tipped dart
 U - 406 stones
 X - 2 silver boomerangs
Armour
 e - a scarf of invisibility (worn)
 f - a +0 plate armour (worn)
 D - a +1 pair of gloves (worn)
 K - a +0 buckler (worn)
 N - a +0 kite shield
Jewellery
 o - a ring of resist corrosion (left hand)
 v - a +4 ring of protection (right hand)
 W - a ring of positive energy
 Y - an amulet of reflection (around neck)
Wands
 I - a wand of paralysis (4)
 L - a wand of iceblast (15)
 Q - a wand of charming (4)
 T - a wand of mindburst (21)
 Z - a wand of acid (8)
Scrolls
 j - 2 scrolls of brand weapon
 n - 2 scrolls of fear {unknown}
 p - a scroll of magic mapping
 q - 2 scrolls of enchant weapon {unknown}
 r - a scroll of torment {unknown}
 t - a scroll of summoning {unknown}
 u - 3 scrolls of identify
 w - a scroll of enchant armour {unknown}
 y - a scroll of noise {unknown}
 z - a scroll of amnesia {unknown}
 B - 4 scrolls of fog {unknown}
 H - a scroll of blinking {unknown}
 O - a scroll of vulnerability {unknown}
 R - 2 scrolls of teleportation
 S - a scroll of silence {unknown}
Potions
 d - 3 potions of lignification {unknown}
 h - 2 potions of curing {unknown}
 l - 3 potions of heal wounds {unknown}
 m - a potion of flight
 s - 4 potions of attraction {unknown}
 x - 4 potions of mutation {unknown}
 J - a potion of cancellation


   Skills:
 + Level 8.4 Fighting
 + Level 7.5(10.3) Axes
 - Level 11.0(12.0) Polearms
 + Level 5.7 Throwing
 + Level 10.2 Armour
 + Level 4.5 Dodging
 + Level 1.3 Stealth
 + Level 3.0 Shields
 + Level 1.1 Evocations


You had 9 spell levels left.
You didn't know any spells.
Your spell library contained the following spells:

 Spells                   Type           Power      Damage    Failure   Level
 Freeze                   Ice            0%         1d3       100%        1
 Blink                    Tloc           0%         N/A       100%        2
 Static Discharge         Conj/Air       0%         N/A       100%        2
 Conjure Flame            Conj/Fire      0%         6-21      100%        3
 Frozen Ramparts          Ice            0%         1d2       100%        3
 Ignite Poison            Fire/Tmut/Pois 0%         N/A       100%        3
 Inner Flame              Hex/Fire       0%         N/A       100%        3
 Cause Fear               Hex            0%         N/A       100%        4
 Hailstorm                Conj/Ice       0%         3d3       100%        4
 Sticky Flame             Conj/Fire      0%         2d3       100%        4
 Iskenderun's Battlesphe  Conj           0%         2d6       100%        5
 Lightning Bolt           Conj/Air       0%         1d11      100%        5
 Manifold Assault         Tloc           0%         N/A       100%        5
 Iron Shot                Conj/Erth      0%         9d1       100%        6
 Spellforged Servitor     Conj/Summ      0%         N/A       100%        7
 Storm Form               Tmut/Air       0%         N/A       100%        7
 Discord                  Hex            0%         N/A       100%        8
 Maxwell's Capacitive Co  Air            0%         ∞         100%        8


Dungeon Overview and Level Annotations

Branches:
Dungeon (11/15)            Temple (1/1) D:6
   Lair: D:8-11         Orc: D:9-12

Altars:
Ashenzari
Cheibriados
Dithmenos
Elyvilon
Fedhas
Gozag
Hepliaklqana
Kikubaaqudgha
Makhleb
Nemelex Xobeh
Okawaru
Qazlal
Ru
Sif Muna
Trog
Uskayaw
Vehumet
Wu Jian
Xom
Yredelemnul
Zin
The Shining One

Shops:
D:4 ?   D:6 ?   D:10 (


Innate Abilities, Weirdness & Mutations

You have a pair of horns on your head.
You reflexively headbutt those who attack you in melee.


Message History

Something hits you but does no damage. The troll bites you but does no damage.
The troll claws you but does no damage. x2
Unknown command.
Something hits you but does no damage. x2
Unknown command.
You closely miss the troll. You slash the white ugly thing! You hit something.
Something hits you but does no damage. x2
Unknown command.
You hit the troll. You headbutt the troll!
The troll is heavily wounded.
You miss something. You hit the wraith. You slash the white ugly thing!
You block the troll's attack. x3; Something hits you.
* * * LOW HITPOINT WARNING * * *
The white ugly thing tentacle-slaps you!
* * * LOW HITPOINT WARNING * * *
The white ugly thing freezes you!
* * * LOW HITPOINT WARNING * * *
You barely miss the white ugly thing.
Your headbutt misses the white ugly thing.
The white ugly thing is heavily wounded.
You slash the troll! You hit something. You closely miss the wraith.
Something hits you.
* * * LOW HITPOINT WARNING * * *
The wraith hits you.
* * * LOW HITPOINT WARNING * * *
The wraith drains your vigour!
You feel yourself slow down. You block the troll's attack.
The troll claws you but does no damage. The troll closely misses you.
You are too berserk!
You slash the white ugly thing!
The white ugly thing is severely wounded.
You slash the wraith! You slash the troll!
You kill the troll!
Trog accepts your kill.
The troll leather armour is intact enough to wear.
You are no longer berserk.
You are exhausted.
You feel as though you will be slow longer.
Something hits you!
You die...

.. #. ###+### ..
.. ....#... .##.
......# .#. ...#.#
.. #####...###.#
............##.##.
........#@.......
#..#.T[uW.#.#..
#.......#.#
#[.<......#
####...#+....
........#.#
...........#
.........#..#
..##########+#


You could see a white ugly thing, a troll and a wraith.

Vanquished Creatures
  The ghost of siradein the Ducker, a novice DsBe of Trog (D:8)
  A cyclops (D:7)
  A manticore (D:7)
  3 trolls
  Sigmund (D:3)
  A shadow (D:7)
  A wyvern (D:9)
  A wraith (D:9)
  A vampire (D:9)
  6 yaks
  An acid dragon (D:7)
  2 sky beasts
  3 ice beasts
  A black bear (D:5)
  3 orc warriors
  2 ogres
  5 centaurs
  A phantom (D:7)
  2 kobold brigands
  4 bullfrogs
  A wyvern zombie (D:6)
  A gnoll sergeant (D:6)
  2 scorpions
  2 water moccasin zombies
  A wyvern skeleton (D:6)
  12 killer bees
  4 wights (D:8)
  A howler monkey (D:7)
  4 centaur zombies
  2 orc priests (D:9)
  A jelly (D:5)
  A centaur skeleton (D:6)
  A hound (D:7)
  A bullfrog skeleton (D:7)
  Natasha (thrice) (D:3)
  6 iguanas
  6 orc wizards
  A howler monkey zombie (D:9)
  12 gnolls
  14 adders
  2 white imps (D:6)
  3 worms
  4 dart slugs
  14 orcs
  7 endoplasms
  4 giant cockroaches
  6 goblins
  2 hobgoblins
  5 jackals (D:1)
  16 kobolds
  2 quokkas
  9 ball pythons
  10 bats
  5 frilled lizards
  7 rats
213 creatures vanquished.

Vanquished Creatures (collateral kills)
  A killer bee (D:9)
  A centaur zombie (D:9)
  An orc priest (D:9)
  An orc (D:9)
4 creatures vanquished.

Vanquished Creatures (others)
  An orc wizard (D:9)
  3 fungi (D:1)
  3 plants (D:1)
7 creatures vanquished.

Grand Total: 224 creatures vanquished

Notes
Turn   | Place    | Note
-------+----------+-------------------------------------------
     0 | D:1      | snetch the Minotaur Berserker began the quest for the Orb.
     0 | D:1      | Reached XP level 1. HP: 19/19 MP: 0/0
   289 | D:1      | Reached XP level 2. HP: 10/27 MP: 1/1
   688 | D:2      | Reached XP level 3. HP: 7/34 MP: 2/2
   689 | D:2      | Reached ** piety under Trog
   963 | D:1      | Found a faded altar of an unknown god.
  1247 | D:1      | Reached XP level 4. HP: 41/41 MP: 3/3
  1513 | D:3      | Noticed Sigmund
  1796 | D:2      | Reached skill level 1 in Polearms
  1876 | D:2      | Reached XP level 5. HP: 47/47 MP: 4/4
  2377 | D:3      | Killed Sigmund
  2378 | D:3      | Reached skill level 5 in Fighting
  2378 | D:3      | Reached skill level 3 in Polearms
  2378 | D:3      | Reached XP level 6. HP: 56/56 MP: 2/5
  2625 | D:3      | Noticed Natasha
  2628 | D:3      | Killed Natasha
  2712 | D:4      | Reached skill level 4 in Polearms
  2895 | D:3      | Reached *** piety under Trog
  3042 | D:3      | Noticed Natasha
  3046 | D:3      | Killed Natasha
  3510 | D:3      | Noticed Natasha
  3513 | D:3      | Killed Natasha
  3514 | D:3      | Reached XP level 7. HP: 61/61 MP: 6/6
  3545 | D:3      | Found an ornate altar of the Wu Jian Council.
  3545 | D:3      | Found a bloodstained altar of Trog.
  3824 | D:5      | Entered Level 5 of the Dungeon
  3830 | D:5      | Reached skill level 5 in Polearms
  3830 | D:5      | Reached skill level 5 in Armour
  3830 | D:5      | Reached skill level 1 in Stealth
  4214 | D:4      | You fall into a shaft and drop 2 floors!
  4274 | D:6      | Reached skill level 6 in Polearms
  4486 | D:6      | Found Laframira's Magic Scroll Shoppe.
  4493 | D:6      | Bought a scroll of teleportation for 33 gold pieces
  4493 | D:6      | Bought a scroll of identify for 22 gold pieces
  4527 | D:5      | Reached XP level 8. HP: 67/71 MP: 7/7
  4837 | D:4      | Found Diczaf's Magic Scroll Emporium.
  4974 | D:5      | Reached skill level 7 in Polearms
  5070 | D:5      | Reached **** piety under Trog
  5468 | D:6      | Reached skill level 8 in Polearms
  5468 | D:6      | Reached skill level 1 in Throwing
  5874 | D:6      | Reached skill level 5 in Axes
  6127 | D:6      | Reached XP level 9. HP: 79/79 MP: 8/8
  6253 | D:6      | Found a staircase to the Ecumenical Temple.
  6259 | Temple   | Entered the Ecumenical Temple
  7021 | D:7      | Noticed a manticore
  7029 | D:7      | Noticed a cyclops
  7040 | D:7      | Killed a manticore
  7041 | D:7      | Reached skill level 1 in Shields
  7349 | D:7      | Identified the +3 spear "Feng" {flame, Will+ rCorr}
  7386 | D:7      | Killed a cyclops
  7387 | D:7      | Reached skill level 9 in Polearms
  7531 | D:7      | Reached skill level 5 in Throwing
  7531 | D:7      | Reached XP level 10. HP: 75/78 MP: 9/9
  7557 | D:7      | Reached skill level 1 in Evocations
  8935 | D:8      | Found a runed translucent door.
  8936 | D:8      | Noticed siradein's ghost (novice DsBe)
  9923 | D:9      | Reached skill level 10 in Polearms
 10212 | D:10     | Entered Level 10 of the Dungeon
 10212 | D:10     | Found Vuathrila's Antique Weapon Shop.
 10776 | D:8      | Killed siradein's ghost
 10777 | D:8      | Reached skill level 10 in Armour
 10853 | D:11     | Noticed a white ugly thing
 10864 | D:11     | Reached skill level 11 in Polearms
 10869 | D:11     | Slain by an unseen horror

Illustrated notes

Levels and vault maps discovered:
D:1:      zaba_arrival_water, layout_basic, shapermc_ecumenical_altar_ellora,
          st_stairs_2
D:2:      layout_loops_ring, minmay_between
D:3:      kennysheep_big_flooded_room, layout_loops_ring,
          gammafunk_temple_overflow_pools, uniq_natasha, uniq_sigmund
D:4:      layout_basic, minmay_misc_feat_tiny, kennysheep_small_circle
D:5:      layout_basic, minmay_misc_feat_x, grunt_decor_cap,
          minmay_misc_feat_chi
D:6:      layout_loops_ring, minmay_temple_entry_hall, serial_shops,
          nicolae_shop_stone, minmay_misc_feat_alley
D:7:      layout_loops_ring, minmay_the_grid_2x2 [minmay_the_grid_diamond_grid,
          minmay_the_grid_outer_circle, minmay_the_grid_expand,
          minmay_the_grid_prize_four_corners]
D:8:      layout_loops_corners, gammafunk_ghost_grave
D:9:      layout_basic, abandoned_shop, palyth_stone_intersect,
          kennysheep_generic_room_15
D:10:     layout_irregular_city, erik_orc_1, serial_shops, shop
D:11:     layout_grid_maze, david_lair_generic, minmay_fractal_squares_5
Temple:   mainiacjoe_temple_cubbyholes

Skill      XL: |  1  2  3  4  5  6  7  8  9 10 |
---------------+-------------------------------+-----
Axes           | 4 5 7 |  7.5
Fighting       | 4 5 6 7 8 |  8.4
Armour         | 3 4 5 6 8 10 | 10.2
Polearms       | 1 3 4 6 8 9 11 | 11.0
Dodging        | 3 4 |  4.5
Stealth        | 1 |  1.3
Throwing       | 2 5 |  5.7
Shields        | 1 3 |  3.0
Evocations     | 1 |  1.1

Action                   |  1- 3 |  4- 6 |  7- 9 | 10-12 || total
-------------------------+-------+-------+-------+-------++-------
Melee: Hand axe          |    35 |       |    88 |       ||   123
       Headbutt          |    13 |    15 |    49 |    40 ||   117
       Halberd           |    39 |    77 |       |       ||   116
       Scythe            |       |    34 |   102 |       ||   136
       Spear             |       |       |    62 |   248 ||   310
       War axe           |       |       |       |    12 ||    12
Throw: Dart              |       |       |    53 |    24 ||    77
       Stone             |       |       |     1 |       ||     1
       Boomerang         |       |       |     1 |       ||     1
Invok: Berserk           |     2 |     1 |     1 |     3 ||     7
       Trog's Hand       |       |       |     2 |     1 ||     3
       Brothers in Arms  |       |       |       |     1 ||     1
 Abil: Evoke Invisibilit |       |     1 |     1 |       ||     2
  Use: Scroll            |       |       |     6 |       ||     6
 Stab: Invisible         |       |     1 |       |       ||     1
Armor: Animal skin       |     4 |       |       |       ||     4
       Ring mail         |    27 |    46 |     7 |       ||    80
       Chain mail        |       |       |   122 |       ||   122
       Plate armour      |       |       |    19 |   104 ||   123
Dodge: Dodged            |    51 |    69 |   106 |    57 ||   283
Block: Buckler           |       |       |    17 |    37 ||    54

Table legend: (Time is in decaauts)
 A = Elapsed time spent in this place.
 B = Non-inter-level travel time spent in this place.
 C = Inter-level travel time spent in this place.
 D = Time resting spent in this place.
 E = Time spent auto-exploring this place.
 F = Levels seen in this place.
 G = Mean time per level.
                   A        B        C        D        E       F      G
               +--------+--------+--------+--------+--------+-----+--------+
         Total |  10964 |  10617 |    347 |    286 |   7880 |  12 |  913.7 |
       Dungeon |  10607 |  10312 |    295 |    286 |   7577 |  11 |  964.3 |
        Temple |    356 |    304 |     52 |      0 |    303 |   1 |  356.0 |
               +--------+--------+--------+--------+--------+-----+--------+

Top non-repeatable levels by time:
     D:9: 1473 daAuts
     D:1: 1433 daAuts
     D:6: 1325 daAuts
     D:3: 1299 daAuts
     D:8: 1241 daAuts
     D:4: 1006 daAuts
     D:7: 991 daAuts
     D:2: 951 daAuts
     D:5: 818 daAuts
  Temple: 356 daAuts
    D:10: 54 daAuts
    D:11: 13 daAuts
